 Dungeon Crawl Stone Soup version 0.20.1-1-g8b1a95d (webtiles) character file.

28409 vatarom the Grappler (level 13, -10/133 HPs)
             Began as a Troll Monk on Sept 20, 2017.
             Was an Elder of Ashenzari.
             Mangled by an eight-headed hydra (12 damage)
             ... on level 4 of the Lair of Beasts.
             The game lasted 00:28:21 (13470 turns).

vatarom the Grappler (Troll Monk)                  Turns: 13470, Time: 00:28:22

Health: -10/133    AC:  7    Str: 22      XL:     13   Next: 9%
Magic:  12/12      EV: 16    Int:  7 (10) God:    Ashenzari [****..]
Gold:   1000       SH:  0    Dex: 12      Spells: 7/12 levels left

rFire    . . .     SeeInvis +     - Unarmed
rCold    . . .     Gourm    +   (no shield)
rNeg     . . .     Faith    .   u - +1 robe of Loss {MR+} (curse)
rPois    .         Spirit   .   (helmet restricted)
rElec    .         Reflect  .   q - +0 cloak (curse)
rCorr    +         Harm     .   (gloves unavailable)
MR       +....     Clarity  +   (boots unavailable)
Stlth    ++........             j - amulet of rage
Regen    0.8/turn               J - ring of flight
MPRegen  0.2/turn               e - ring of resist corrosion (curse)

@: no status effects
A: unfitting armour, antennae 1, claws 3, blink, clarity, fast metabolism 3,
gourmand, regeneration 1, shaggy fur 1, tough skin 2, wild magic 1
a: Blink, Curse Item, Scrying, Renounce Religion, Evoke Berserk Rage, Evoke
Flight


You were on level 4 of the Lair of Beasts.
You worshipped Ashenzari.
Ashenzari was greatly pleased with you.
You were very full.

You visited 3 branches of the dungeon, and saw 17 of its levels.

You collected 1000 gold pieces.

Inventory:

Missiles
 K - 4 large rocks (quivered)
Armour
 q - a cursed +0 cloak (worn)
 u - the cursed +1 robe of Loss (worn) {MR+}
   (You found it on level 4 of the Dungeon)

   It affects your resistance to hostile enchantments.
   It has a curse placed upon it.
Jewellery
 e - a cursed ring of resist corrosion (right claw)
 j - an amulet of rage (around neck)
 G - an uncursed amulet of guardian spirit
 J - a ring of flight (left claw)
Wands
 k - a wand of enslavement (21/24)
 l - a wand of random effects (10/48)
 n - a wand of iceblast (6/15)
 o - a wand of lightning (0/15)
 s - a wand of disintegration (8/24)
 D - a wand of random effects (14/48)
 F - a wand of lightning (9/15)
 H - a wand of random effects (13/48)
Scrolls
 d - 4 scrolls of fog
 g - 10 scrolls of teleportation
 p - 2 scrolls of blinking
 v - 10 scrolls of identify
 w - 3 scrolls of recharging
 y - 4 scrolls of enchant armour
 z - 2 scrolls of magic mapping
 A - a scroll of enchant weapon
 C - a scroll of fear
 M - a scroll of remove curse
Potions
 f - 4 potions of cancellation
 i - a potion of curing
 t - 2 potions of brilliance
 x - a potion of berserk rage
 B - 2 potions of haste
 E - a potion of resistance
 I - a potion of agility
 L - a potion of might
Miscellaneous
 a - a lightning rod (inert)
Comestibles
 b - 10 bread rations
 c - 11 meat rations
 h - 21 fruits
 m - 8 royal jellies
 r - 12 chunks of flesh


   Skills:
 * Level 9.9 Fighting
 * Level 8.2 Throwing
 - Level 10.3(12.4) Dodging
 - Level 1.0(2.3) Stealth
 + Level 12.8 Unarmed Combat
 - Level 0.7 Ice Magic


You had 7 spell levels left.
You knew the following spells:

 Your Spells              Type           Power        Failure   Level  Hunger
a - Ozocubu's Armour      Chrm/Ice       #.......     83%         3    ####...
b - Shroud of Golubria    Chrm/Tloc      #.........   65%         2    ###....


Dungeon Overview and Level Annotations

Branches:
Dungeon (12/15)            Temple (1/1) D:4            Lair (4/6) D:9
  Swamp (0/4) Lair:2       Spider (0/4) Lair:4
    Orc: D:9-12

Altars:
Ashenzari
Cheibriados
Dithmenos
Elyvilon
Fedhas
Gozag
Hepliaklqana
Kikubaaqudgha
Makhleb
Nemelex Xobeh
Okawaru
Qazlal
Ru
Sif Muna
Trog
Uskayaw
Vehumet
Xom
Yredelemnul
Zin
The Shining One

Shops:
D:4 (


Innate Abilities, Weirdness & Mutations

You are too large for most types of armour.
You have claws for hands.
Your metabolism is lightning-fast.
You like to eat raw meat.
Your natural rate of healing is unusually fast.
You are covered in fur. (AC +1)
You have very tough skin. (AC +2)
You have a pair of small antennae on your head.
You can translocate small distances at will.
You possess an exceptional clarity of mind.
Your spells are a little harder to cast, but a little more powerful.


Message History

The eight-headed hydra closely misses you.
The eight-headed hydra barely misses you.
Unknown command.
You blink.
You feel slightly less full.
You blink.
You feel slightly less full.
Throwing (i - inventory):
K - 5 large rocks (quivered)
Press: ? - help, Shift-Dir - straight line, f/p - eight-headed hydra
Aim: an eight-headed hydra (moderately wounded)
You throw a large rock.
The large rock hits the eight-headed hydra!!
The eight-headed hydra is severely wounded.
You blink.
You feel slightly less full.
You fail to use your ability.
The eight-headed hydra bites you.
* * * LOW HITPOINT WARNING * * *
The eight-headed hydra closely misses you.
The eight-headed hydra completely misses you.
The eight-headed hydra bites you!
* * * LOW HITPOINT WARNING * * *
The eight-headed hydra bites you!
You die...

.#≈≈≈≈≈≈≈#≈≈≈....................
≈≈≈≈≈≈≈≈≈≈≈≈≈..........P..##.P...
P≈.P≈≈≈≈≈#≈≈≈........P###.#P#....
≈P≈.≈≈≈≈≈###≈≈....>..P...........
≈≈≈..≈≈≈≈≈##≈##..................
P≈.≈P≈≈#≈≈#≈≈##(....P##....####.#
P.PP###≈≈≈≈≈≈##.#..P.##.##.P##P..
#≈.≈#≈≈≈≈#≈≈≈#.D#.#....#P^.#....#
≈≈.##≈#≈≈≈≈≈#≈§.@#....P#P........
≈.....#....#≈##..#P<..P#..#.####.
#..##.#....###..##.........## ##
#...#.#...#####÷##.......###
#..#(<(.....##..(....#...#
...##..#(...((....>..##(.#
...##...(.......###).#..##
#..##...#...............#
#..........#...#P.####.##


You could see an eight-headed hydra.

Vanquished Creatures
  The ghost of Chisa the Basher, a journeyman HOFi of Ru (Lair:1)
  A hydra (Lair:1)
  2 two-headed ogres
  Nergalle (Lair:1)
  A wolf spider (Lair:4)
  A manticore (D:11)
  2 cyclopes (D:11)
  2 black mambas
  Maurice (D:11)
  3 elephants (Lair:3)
  3 spiny frogs (Lair:2)
  3 rime drakes
  A komodo dragon (Lair:4)
  A jumping spider (Lair:4)
  A tyrant leech (Lair:2)
  3 polar bears (Lair:4)
  7 blink frogs
  4 hippogriffs
  A redback (Lair:4)
  10 yaks (Lair:4)
  4 hogs (D:7)
  2 basilisks
  A human (D:7)
  3 vampire mosquitoes
  2 hungry ghosts
  Menkaure (D:7)
  A soldier ant (D:10)
  3 water moccasins
  6 porcupines
  3 necrophages
  3 orc warriors
  2 sky beasts
  A black bear (D:6)
  A phantom (D:9)
  5 ogres
  13 wolves
  6 centaurs
  5 crocodiles
  A gnoll sergeant (D:8)
  7 bullfrogs
  A wyvern zombie (D:12)
  6 scorpions
  3 killer bees (D:7)
  An electric eel (Lair:2)
  4 wights (D:10)
  6 howler monkeys
  A centaur zombie (D:7)
  7 crimson imps
  A quasit (D:10)
  7 hounds
  A bullfrog zombie (D:6)
  2 jellies
  Crazy Yiuf (D:3)
  A gnoll shaman (D:5)
  8 orc wizards
  3 bullfrog skeletons
  3 orc priests
  An iron imp (D:9)
  3 iguanas
  4 worker ants
  A killer bee zombie (D:6)
  A hound zombie (D:7)
  A worker ant zombie (D:11)
  7 adders
  9 gnolls
  5 shadow imps
  An ooze (D:2)
  An adder skeleton (D:9)
  2 adder zombies
  3 worms
  A dart slug (D:1)
  7 leopard geckos
  31 orcs
  A ball python (D:5)
  3 giant cockroaches
  11 goblins
  7 hobgoblins
  2 jackals (D:3)
  4 quokkas
  6 bats
  A frilled lizard (D:5)
  11 kobolds
  2 leopard gecko skeletons (D:6)
  3 quokka skeletons
  6 rats
  A bush (D:3)
  A plant (Lair:3)
312 creatures vanquished.

Vanquished Creatures (others)
  2 fungi
  4 plants
6 creatures vanquished.

Grand Total: 318 creatures vanquished

Notes
Turn   | Place    | Note
-------+----------+-------------------------------------------
     0 | D:1      | vatarom the Troll Monk began the quest for the Orb.
     0 | D:1      | Reached XP level 1. HP: 22/22 MP: 0/0
   454 | D:1      | Reached XP level 2. HP: 29/29 MP: 1/1
   787 | D:2      | Reached XP level 3. HP: 28/36 MP: 2/2
  1592 | D:2      | Reached skill level 4 in Unarmed Combat
  1681 | D:3      | Reached skill level 7 in Unarmed Combat
  1681 | D:3      | Reached XP level 4. HP: 49/49 MP: 3/3
  1790 | D:3      | Reached XP level 5. HP: 49/55 MP: 4/4
  1882 | D:3      | Reached skill level 5 in Dodging
  1902 | D:3      | Found a shimmering altar of Xom.
  1907 | D:3      | Reached skill level 8 in Unarmed Combat
  1921 | D:3      | Reached XP level 6. HP: 62/65 MP: 5/5
  2472 | D:3      | Found a runed door.
  2476 | D:3      | Noticed Crazy Yiuf
  2481 | D:3      | Killed Crazy Yiuf
  2593 | D:4      | Found Simpuj's Weapon Shop.
  2732 | D:4      | Found a hide-covered altar of Uskayaw.
  2785 | D:4      | Found an iron altar of Okawaru.
  2792 | D:4      | Got a wizard robe
  2793 | D:4      | Identified the cursed +1 robe of Loss {MR+} (You found it on level 4 of the Dungeon)
  2834 | D:4      | Found a staircase to the Ecumenical Temple.
  2871 | D:5      | Entered Level 5 of the Dungeon
  2880 | D:5      | Reached skill level 5 in Fighting
  2882 | D:5      | Reached XP level 7. HP: 69/72 MP: 6/6
  2890 | D:5      | Gained mutation: You have supernaturally acute eyesight. (SInv) [potion of mutation]
  2890 | D:5      | Gained mutation: Your mind is acute. (Int +2) [potion of mutation]
  2892 | D:5      | Lost mutation: Your mind is acute. (Int +2) [potion of mutation]
  2892 | D:5      | Lost mutation: You have supernaturally acute eyesight. (SInv) [potion of mutation]
  2892 | D:5      | Gained mutation: Your spells are a little harder to cast, but a little more powerful. [potion of mutation]
  2892 | D:5      | Gained mutation: You have a pair of small antennae on your head. [potion of mutation]
  2892 | D:5      | Gained mutation: You possess an exceptional clarity of mind. [potion of mutation]
  2892 | D:5      | Gained mutation: You can translocate small distances at will. [potion of mutation]
  3189 | D:5      | Found a glowing silver altar of Zin.
  3226 | Temple   | Entered the Ecumenical Temple
  3234 | Temple   | Became a worshipper of Ashenzari the Shackled
  3234 | Temple   | Reached * piety under Ashenzari
  3234 | Temple   | Reached ** piety under Ashenzari
  3997 | D:5      | Reached skill level 9 in Unarmed Combat
  3997 | D:5      | Reached XP level 8. HP: 80/80 MP: 7/7
  4466 | D:6      | Found a blossoming altar of Fedhas.
  5196 | D:7      | Noticed Menkaure
  5206 | D:7      | Reached skill level 10 in Unarmed Combat
  5206 | D:7      | Reached XP level 9. HP: 84/88 MP: 8/8
  5210 | D:7      | Killed Menkaure
  5397 | D:7      | Found a white marble altar of Elyvilon.
  5480 | D:7      | Identified the +2 robe of the Arcane {rN++}
  5986 | D:7      | Found a bloodstained altar of Trog.
  5987 | D:7      | Found a basalt altar of Yredelemnul.
  6255 | D:8      | Reached XP level 10. HP: 99/99 MP: 9/9
  6280 | D:8      | Reached skill level 11 in Unarmed Combat
  6573 | D:9      | Noticed a two-headed ogre
  6594 | D:8      | Killed a two-headed ogre
  6979 | D:9      | Reached *** piety under Ashenzari
  7005 | D:9      | Found a staircase to the Lair.
  7085 | D:9      | Found a snail-covered altar of Cheibriados.
  7387 | D:10     | Entered Level 10 of the Dungeon
  7613 | D:10     | Reached skill level 10 in Dodging
  7613 | D:10     | Reached XP level 11. HP: 109/109 MP: 10/10
  7770 | D:10     | Got the war axe of Qopsewk {freeze, MR+ Str+3 Int+2}
  7771 | D:10     | Identified the +10 war axe of Qopsewk {freeze, MR+ Str+3 Int+2} (You found it on level 10 of the Dungeon)
  8290 | D:11     | Learned a level 3 spell: Ozocubu's Armour
  8304 | D:11     | Noticed Maurice
  8309 | D:11     | Killed Maurice
  8309 | D:11     | Reached skill level 12 in Unarmed Combat
  8893 | D:12     | Noticed a two-headed ogre
  8911 | D:12     | Killed a two-headed ogre
  8967 | Lair:1   | Entered Level 1 of the Lair of Beasts
  9168 | Lair:1   | Noticed Nergalle
  9175 | Lair:1   | Noticed Chisa's ghost (journeyman HOFi)
  9184 | Lair:1   | Killed Nergalle
  9184 | Lair:1   | Reached skill level 5 in Throwing
  9184 | Lair:1   | Reached XP level 12. HP: 70/119 MP: 11/11
  9204 | Lair:1   | Killed Chisa's ghost
  9270 | Lair:1   | Noticed a six-headed hydra
  9340 | Lair:1   | Killed a seven-headed hydra
 10288 | Lair:1   | Reached **** piety under Ashenzari
 11165 | Lair:2   | Found a staircase to the Swamp.
 11999 | Lair:3   | Identified the Papyrus of Supportive Necromancy
 12080 | Lair:3   | Identified a scroll of acquirement
 12762 | Lair:4   | Found a blossoming altar of Fedhas.
 12829 | Lair:4   | Learned a level 2 spell: Shroud of Golubria
 12892 | Lair:4   | Found a hole to the Spider Nest.
 12919 | Lair:4   | Reached XP level 13. HP: 26/132 MP: 12/12
 13470 | Lair:4   | HP: 2/133 [eight-headed hydra (9)]
 13470 | Lair:4   | Mangled by an eight-headed hydra

Skill      XL: |  1  2  3  4  5  6  7  8  9 10 11 12 13 |
---------------+----------------------------------------+-----
Unarmed Combat | 7 8 9 10 11 12 | 12.8
Fighting       | 4 5 6 7 8 9 |  9.9
Throwing       | 3 5 7 8 |  8.2
Dodging        | 4 5 6 10 | 10.3
Stealth        | |  1.0
Ice Magic      | |  0.7

Action                   |  1- 3 |  4- 6 |  7- 9 | 10-12 | 13-15 || total
-------------------------+-------+-------+-------+-------+-------++-------
Melee: Unarmed           |    97 |   136 |   285 |   502 |    55 ||  1075
       Punch             |     1 |     5 |    10 |    27 |     7 ||    50
       War axe           |       |       |       |     3 |       ||     3
Throw: Large rock        |       |       |       |    14 |     8 ||    22
Invok: Curse Item        |       |       |     1 |     1 |       ||     2
 Abil: Blink             |       |       |     1 |     1 |     5 ||     7
Evoke: Wand              |     1 |       |     1 |       |       ||     2
       Lightning rod     |       |       |       |     4 |       ||     4
  Use: Scroll            |     5 |     5 |     7 |     5 |       ||    22
       Potion            |     1 |     2 |     6 |    11 |       ||    20
 Stab: Sleeping          |       |     1 |     3 |     3 |       ||     7
       Distracted        |       |       |       |     2 |       ||     2
  Eat: Chunk             |    11 |    19 |    31 |    55 |     6 ||   122
       Fruit             |     2 |       |       |       |       ||     2
       Bread ration      |       |       |       |     2 |       ||     2
Armor: Robe              |    32 |    28 |    62 |   100 |    17 ||   239
Dodge: Dodged            |    48 |    60 |   137 |   368 |    63 ||   676
